 Dungeon Crawl Stone Soup version 0.29.1-13-g9f3cf754e1 (webtiles) character file.

Game seed: 4039079670979044788

66 Oxelix the Magician (level 3, -3/19 HPs)
             Began as a Deep Elf Conjurer on Feb 10, 2023.
             Was an Initiate of Vehumet.
             Succumbed to a scorpion's poison
             ... on level 2 of the Dungeon.
             The game lasted 00:02:38 (2377 turns).

Oxelix the Magician (Deep Elf Conjurer)             Turns: 2377, Time: 00:02:39

Health: -3/19      AC:  5    Str:  4    XL:     3   Next: 96%
Magic:  4/11       EV: 12    Int: 24    God:    Vehumet [......]
Gold:   105        SH:  0    Dex: 13    Spells: 11/12 levels left

rFire   . . .      SeeInvis .   d - +0 dagger
rCold   . . .      Faith    .   (no shield)
rNeg    + . .      Spirit   .   a - +0 robe
rPois   .          Reflect  .   (no helmet)
rElec   .          Harm     .   (no cloak)
rCorr   .          Rampage  .   (no gloves)
Will    .....                   l - +2 pair of boots
Stlth   ++........              (no amulet)
HPRegen 0.06/turn               h - ring of positive energy
MPRegen 0.12/turn               (no ring)

@: lethally poisoned (-3 -> -26)
A: no striking features
a: Renounce Religion


You were on level 2 of the Dungeon.
You worshipped Vehumet.
Vehumet was noncommittal.
You visited 1 branch of the dungeon, and saw 2 of its levels.

You collected 105 gold pieces.

Inventory:

Hand Weapons
 d - a +0 dagger (weapon)
Armour
 a - a +0 robe (worn)
 l - a +2 pair of boots (worn)
Jewellery
 h - a ring of positive energy (left hand)
Scrolls
 c - a scroll of magic mapping {unknown}
 e - 3 scrolls of teleportation {unknown}
 f - a scroll of enchant weapon {unknown}
Potions
 b - a potion of magic
 g - a potion of attraction {unknown}
 i - a potion of resistance {unknown}
 j - a potion of berserk rage {unknown}
 k - 2 potions of brilliance {unknown}


   Skills:
 - Level 2.4 Dodging
 - Level 2.4 Stealth
 * Level 5.1 Spellcasting
 + Level 5.0 Conjurations


You had 11 spell levels left.
You knew the following spells:

 Your Spells              Type           Power      Damage    Failure   Level
a - Magic Dart            Conj           100%       1d8       1%          1

Your spell library contained the following spells:

 Spells                   Type           Power      Damage    Failure   Level
 Searing Ray              Conj           60%        2d6       1%          2
 Dazzling Flash           Conj/Hex       36%        N/A       10%         3
 Fulminant Prism          Conj/Hex       9%         3d7       30%         4
 Iskenderun's Mystic Bla  Conj/Tloc      18%        2d6       30%         4


Dungeon Overview and Level Annotations

Branches:
Dungeon (2/15)

Altars:
Vehumet


Message History

You see here a +0 dagger.
You see here a +0 dagger.
There is a radiant altar of Vehumet here.
A scorpion comes into view.
The magic dart hits the scorpion.
The scorpion is moderately wounded.
The magic dart hits the scorpion.
The scorpion is moderately wounded.
The magic dart hits the scorpion but does no damage.
The scorpion is moderately wounded.
The magic dart hits the scorpion but does no damage.
The scorpion is moderately wounded.
The scorpion stings you.
You are poisoned.
The scorpion poisons you!
The magic dart hits the scorpion.
The scorpion is severely wounded.
You feel very sick. The scorpion stings you.
You are more poisoned.
The scorpion poisons you!
You are too injured to fight recklessly!
Aiming: Magic Dart (safe; 1% risk of failure)
Press: ? - help, Q - select action Shift-Dir - straight line, f/p - scorpion
Aim: a scorpion (severely wounded, 100% to hit)
The magic dart hits the scorpion.
The scorpion is severely wounded.
* * * LOW HITPOINT WARNING * * *
You feel very sick. The scorpion stings you.
* * * LOW HITPOINT WARNING * * *
You are more poisoned.
The scorpion poisons you!
Okay, then.
Aiming: Magic Dart (safe; 1% risk of failure)
Press: ? - help, Q - select action Shift-Dir - straight line, f/p - scorpion
Aim: a scorpion (severely wounded, 100% to hit)
The magic dart hits the scorpion but does no damage.
The scorpion is severely wounded.
You die...

##
#..............###......###.#
#.....########## ##.##.## #.#
###.### #.##.####.# #.#
##.##....#.# #.# #..##.##.#..
#.# #.###.##.### #.# #.#
#......# #.########### #.#
####(... #.........@.# #.#
##.### ###.#.#####s# #.# #..#
# ##....# .# #.# #..### ##
##.....## .# #.#####.....
.#####....÷..# .#
#....)<..#.# .....#.......#
.# ########(#.#
.###.#.......####.# #.#.#
.###.##............ #.#.#
#.##.##....####### #†..#


You could see a scorpion.

Vanquished Creatures
  2 adders (D:2)
  A dart slug (D:2)
  7 endoplasms
  3 giant cockroaches
  A goblin (D:1)
  4 hobgoblins
  2 jackals (D:1)
  5 kobolds
  8 ball pythons
  4 bats
  3 frilled lizards
  3 rats
43 creatures vanquished.

Notes
Turn   | Place    | Note
-------+----------+-------------------------------------------
     0 | D:1      | Oxelix the Deep Elf Conjurer began the quest for the Orb.
     0 | D:1      | Reached XP level 1. HP: 10/10 MP: 6/6
   542 | D:1      | Reached XP level 2. HP: 15/15 MP: 4/8
  1672 | D:2      | Reached XP level 3. HP: 19/19 MP: 7/10
  1948 | D:2      | Found a radiant altar of Vehumet.
  1972 | D:2      | Became a worshipper of Vehumet
  2044 | D:2      | Reached skill level 5 in Spellcasting
  2058 | D:2      | Found a faded altar of an unknown god.
  2106 | D:2      | Reached skill level 5 in Conjurations
  2370 | D:2      | Noticed a scorpion
  2377 | D:2      | Succumbed to a scorpion's poison

Illustrated notes

Levels and vault maps discovered:
D:1:      kennysheep_arrival_seaside, layout_basic, minmay_hexomino_p4
D:2:      layout_loops_ring, ebering_ecumenical_altar_mist, basic_altar,
          minmay_surrounded

Skill      XL: |  1  2  3 |
---------------+----------+-----
Spellcasting   | 4 5 |  5.1
Conjurations   | 5 |  5.0
Dodging        | |  2.4
Stealth        | |  2.4

Action                   || total
-------------------------++-------
Melee: Dagger            ||     2
 Cast: Magic Dart        ||    86
Armor: Robe              ||     3
Dodge: Dodged            ||     3
